 Dungeon Crawl Stone Soup version 0.27.1-1-g398f81649c (webtiles) character file.

Game seed: 6463238507319879675

39 Thatpatchoflichen the Chopper (level 3, -1/33 HPs)
             Began as a Hill Orc Monk on Sept 6, 2021.
             Succumbed to an adder's poison
             ... on level 3 of the Dungeon.
             The game lasted 00:06:23 (2564 turns).

Thatpatchoflichen the Chopper (Hill Orc Monk)       Turns: 2564, Time: 00:06:23

Health: -1/33      AC:  2    Str: 14    XL:     3   Next: 45%
Magic:  3/3        EV: 12    Int: 10    God:
Gold:   43         SH:  0    Dex: 13    Spells: 2/2 levels left

rFire    . . .     SeeInvis .   a - +0 hand axe
rCold    . . .     Faith    .   (no shield)
rNeg     . . .     Spirit   .   b - +0 robe
rPois    .         Reflect  .   (no helmet)
rElec    .         Harm     .   (no cloak)
rCorr    .         Rampage  .   (no gloves)
Will     .....                  (no boots)
Stlth    ++........             (no amulet)
HPRegen  0.11/turn              d - ring of flight
MPRegen  0.08/turn              (no ring)

@: lethally poisoned (-1 -> -14), flying
A: no striking features
a: no special abilities


You were on level 3 of the Dungeon.
You visited 1 branch of the dungeon, and saw 3 of its levels.

You collected 43 gold pieces.

Inventory:

Hand Weapons
 a - a +0 hand axe (weapon)
Missiles
 g - 104 stones (quivered)
 h - 12 poisoned darts
Armour
 b - a +0 robe (worn)
Jewellery
 d - a ring of flight (left hand)
Scrolls
 c - 5 scrolls of teleportation {unknown}
 f - a scroll of fear {unknown}
 i - a scroll of vulnerability {unknown}
Potions
 e - a potion of heal wounds {unknown}
 j - a potion of curing {unknown}
 k - a potion of resistance {unknown}
 l - a potion of berserk rage {unknown}
 m - a potion of ambrosia {unknown}


   Skills:
 - Level 4.0 Fighting
 - Level 4.0 Axes
 + Level 2.0 Armour
 - Level 3.0 Dodging
 - Level 1.5 Stealth


You had 2 spell levels left.
You didn't know any spells.
Your spell library contained the following spells:

 Spells                   Type           Power      Damage    Failure   Level
 Cause Fear               Hex            0%         N/A       98%         4
 Dragon Form              Tmut           0%         N/A       100%        7
 Dragon's Call            Summ           0%         N/A       100%        9


Dungeon Overview and Level Annotations

Branches:
Dungeon (3/15)

Altars:
Elyvilon
Kikubaaqudgha


Message History

You closely miss the adder. The adder barely misses you.
You closely miss the adder. The adder bites you.
You hit the adder but do no damage. The adder closely misses you.
The adder bites you.
You hit the adder.
The adder is lightly wounded.
The adder barely misses you.
You barely miss the adder.
The adder is lightly wounded.
The adder bites you but does no damage. The adder bites you.
You are poisoned.
The adder poisons you!
You closely miss the adder.
The adder is lightly wounded.
You feel sick. The adder bites you.
You are more poisoned.
The adder poisons you!
You hit the adder.
The adder is heavily wounded.
You feel very sick. The adder closely misses you. The adder bites you.
* * * LOW HITPOINT WARNING * * *
You closely miss the adder.
The adder is heavily wounded.
* * * LOW HITPOINT WARNING * * *
You feel sick. The adder bites you.
* * * LOW HITPOINT WARNING * * *
You are more poisoned.
The adder poisons you!
Unknown command.
You barely miss the adder.
The adder is heavily wounded.
* * * LOW HITPOINT WARNING * * *
You feel very sick. The adder bites you.
* * * LOW HITPOINT WARNING * * *
You are more poisoned.
The adder poisons you!
Unknown command.
You die...

....>. ).# #<..# #
#...##..####r..# #
#..............# #
#..............# #
#.#.#######....# #
#K.............# #
#S#............# #
#.#..######.#### #
#@#...#### #
#.#...##.####### #
#.#...##.......#.#
#.#._..#.#†......#
.#.#....#.#.###.###
#.....P....#.# #
#.###...####.#
..........#.###.#
..###...........#


You could see an adder and a kobold.

Vanquished Creatures
  A dart slug (D:1)
  6 ball pythons
  2 endoplasms
  A giant cockroach (D:1)
  7 goblins
  4 hobgoblins
  2 kobolds (D:2)
  4 quokkas
  A frilled lizard (D:2)
  4 rats
32 creatures vanquished.

Vanquished Creatures (others)
  2 fungi (D:3)
  A plant (D:3)
3 creatures vanquished.

Grand Total: 35 creatures vanquished

Notes
Turn   | Place    | Note
-------+----------+-------------------------------------------
     0 | D:1      | Thatpatchoflichen the Hill Orc Monk began the quest for the
                  | Orb.
     0 | D:1      | Reached XP level 1. HP: 19/19 MP: 1/1
   142 | D:1      | Found a faded altar of an unknown god.
   216 | D:1      | Reached XP level 2. HP: 25/27 MP: 2/2
   307 | D:1      | Reached skill level 1 in Armour
  1330 | D:2      | Reached XP level 3. HP: 25/33 MP: 3/3
  2296 | D:2      | Found a white marble altar of Elyvilon.
  2524 | D:3      | Found an ancient bone altar of Kikubaaqudgha.
  2563 | D:3      | HP: 1/33 [adder (1)]
  2564 | D:3      | Succumbed to an adder's poison

Illustrated notes

Levels and vault maps discovered:
D:1:      shiori_arrival_maze, layout_loops_ring,
          dreamdust_ecumenical_altar_grove, minmay_door_square
D:2:      layout_loops_ring, basic_altar, hangedman_decor_push
D:3:      gammafunk_wand_slinger, layout_basic, mainiacjoe_overflow_chevrons,
          mainiacjoe_overflow_tiny_flanked, uniq_natasha

Skill      XL: |  1  2  3 |
---------------+----------+-----
Armour         | 1 2 |  2.0
Fighting       | 4 |  4.0
Dodging        | 3 |  3.0
Axes           | |  4.0
Stealth        | |  1.5

Action                   || total
-------------------------++-------
Melee: Hand axe          ||   138
 Stab: Sleeping          ||     3
Armor: Robe              ||    26
Dodge: Dodged            ||    71
